AoeStats
← TheQuietRiot

Arena

506610783Analyzed
1v1 RM · 18d ago on Sep 14, 2026· 56m 31s· 2 players
Game mode
Random Map
Map size
Tiny (2 player)
Population
200
Speed
Normal
Resources
Standard
Victory
Conquest
Starting age
Dark Age
Ending age
Imperial Age
RankedLock teamsTeams togetherTeam positionsShared explorationLock speedFull tech treeHidden civsTurbo modeCheats
Victory
Defeat
🇬🇧 Teutons · United Kingdom
953
+16
🇹🇷 Turks · Türkiye
963
-16
TheQuietRiot
9:39 Feudal Age
9:00 Loom
10:08 Double-Bit Axe
10:06 Horse Collar
17:32 Castle Age
19:13 Forging
19:17 Bow Saw
19:09 Heavy Plow
22:16 Iron Casting
24:15 Wheelbarrow
28:12 Town Watch
28:24 Gold Mining
31:03 Stone Mining
32:24 Hand Cart
35:58 Imperial Age
34:51 Scale Mail Armor
35:14 Ballistics
37:06 Redemption
38:31 Chemistry
37:39 Siege Engineers
37:44 Masonry
37:38 Town Patrol
37:16 Cavalier
38:07 Bloodlines
38:40 Fletching
39:52 Blast Furnace
38:53 Padded Archer Armor
39:00 Scale Barding Armor
39:32 Elite Skirmisher
42:03 Bodkin Arrow
47:35 Squires
48:19 Pikeman
49:21 Halberdier
51:04 Crop Rotation
51:28 Stone Shaft Mining
53:50 Gambesons
55:48 Conscription
55:50 Crenellations
56:07 Hoardings
emremaxcom
9:37 Feudal Age
10:18 Horse Collar
19:13 Castle Age
17:45 Double-Bit Axe
18:19 Fletching
18:29 Padded Archer Armor
18:44 Scale Barding Armor
18:49 Forging
18:45 Gold Mining
18:54 Town Watch
20:16 Bow Saw
20:08 Heavy Plow
25:31 Gold Shaft Mining
25:30 Redemption
32:13 Imperial Age
32:24 Bodkin Arrow
32:44 Leather Archer Armor
35:41 Ballistics
35:44 Sipahi
36:12 Sanctity
37:09 Treadmill Crane
41:24 Conscription
42:23 Husbandry
44:00 Bloodlines
50:15 Parthian Tactics
51:39 Thumb Ring
52:20 Heavy Camel Rider
Connection lost

Rejoining the realm…

Still unreachable

The connection could not be restored.

Session expired

The server has moved on; the page needs a fresh start.